 Dungeon Crawl Stone Soup version 0.29-a0-577-gafbf2c5d25 (webtiles) character file.

Game seed: 13864240918550808896

22340 DocClef the Fighter (level 12, -11/99 HPs)
             Began as a Red Draconian Delver on June 13, 2022.
             Was a High Priest of Hepliaklqana.
             Mangled by a death yak (25 damage)
             ... on level 3 of the Lair of Beasts.
             The game lasted 00:19:48 (13169 turns).

DocClef the Fighter (Red Draconian Delver)         Turns: 13169, Time: 00:19:48

Health: -11/99     AC: 10    Str: 14    XL:     12   Next: 62%
Magic:  11/13      EV: 24    Int: 11    God:    Hepliaklqana [*****.]
Gold:   1126       SH:  0    Dex: 24    Spells: 11/11 levels left

rFire   + . .      SeeInvis .   C - +3 dagger (elec)
rCold   . . .      Faith    .   (no shield)
rNeg    . . .      Spirit   .   (body armour unavailable)
rPois   .          Reflect  .   (helmet restricted)
rElec   .          Harm     .   F - scarf {+Inv}
rCorr   .          Rampage  .   n - +0 pair of gloves
Will    .....                   B - +0 pair of boots
Stlth   +++++.....              u - amulet of regeneration
HPRegen 1.06/turn               o - +6 ring of dexterity
MPRegen 0.13/turn               y - +4 ring of evasion

@: marked
A: reduced essence, breathe fire, AC +8, unfitting armour, fire resistance 1,
cold-blooded
a: Breathe Fire, Renounce Religion, Evoke Invisibility, Recall Ancestor,
Ancestor Identity, Transference, Idealise


You were on level 3 of the Lair of Beasts.
You worshipped Hepliaklqana.
Hepliaklqana was extremely pleased with you.
You visited 3 branches of the dungeon, and saw 15 of its levels.
You also visited: Sewer.

You collected 1126 gold pieces.

Inventory:

Hand Weapons
 i - a +1 vampiric dagger
 C - a +3 dagger of electrocution (weapon)
Armour
 n - a +0 pair of gloves (worn)
 B - a +0 pair of boots (worn)
 F - a scarf of invisibility (worn)
Jewellery
 o - a +6 ring of dexterity (left hand)
 u - an amulet of regeneration (around neck)
 w - an amulet of guardian spirit
 y - a +4 ring of evasion (right hand)
 G - a ring of positive energy
 M - an amulet of magic regeneration
 N - a ring of resist corrosion
Wands
 f - a wand of digging (3)
 D - a wand of acid (8)
 E - a wand of iceblast (17)
 H - a wand of flame (42)
Scrolls
 b - 2 scrolls of fog
 c - a scroll of magic mapping
 g - 3 scrolls of noise
 h - 10 scrolls of identify
 r - 2 scrolls of amnesia {unknown}
 s - a scroll of blinking
 t - 4 scrolls of teleportation
 x - a scroll of vulnerability
Potions
 d - a potion of mutation
 e - 2 potions of haste
 k - 4 potions of ambrosia {unknown}
 l - 3 potions of curing
 m - 4 potions of lignification {unknown}
 p - 3 potions of might
 q - a potion of resistance {unknown}
 v - 5 potions of heal wounds {unknown}
 z - a potion of cancellation {unknown}
 A - 5 potions of degeneration {unknown}
 I - 2 potions of brilliance {unknown}
 L - 3 potions of flight {unknown}
Miscellaneous
 a - a lightning rod (4/4)
 J - a lightning rod (4/4)
 K - a phantom mirror


   Skills:
 + Level 11.5 Fighting
 + Level 10.3 Short Blades
 + Level 9.5 Dodging
 + Level 11.0 Stealth
 - Level 2.5 Invocations
 + Level 7.2 Evocations


You had 11 spell levels left.
You didn't know any spells.
Your spell library contained the following spells:

 Spells                   Type           Power      Damage    Failure   Level
 Call Canine Familiar     Summ           0%         N/A       71%         3
 Dazzling Flash           Conj/Hex       0%         N/A       71%         3
 Portal Projectile        Hex/Tloc       0%         N/A       71%         3
 Spider Form              Tmut/Pois      0%         N/A       71%         3
 Anguish                  Hex/Necr       0%         N/A       98%         4
 Corpse Rot               Necr/Pois/Air  0%         N/A       98%         4
 Iskenderun's Mystic Bla  Conj/Tloc      0%         2d3       98%         4
 Leda's Liquefaction      Hex/Erth       0%         N/A       98%         4
 Irradiate                Conj/Tmut      0%         3d13      100%        5
 Starburst                Conj/Fire      0%         6d3       100%        6
 Enfeeble                 Hex            0%         N/A       100%        7


Dungeon Overview and Level Annotations

Branches:
Dungeon (10/15)            Temple (1/1) D:4            Lair (4/6) D:8
 Shoals (0/4) Lair:2       Spider (0/4) Lair:3        Sewer (visited)
    Orc: D:9-12

Altars:
Ashenzari
Cheibriados
Dithmenos
Elyvilon
Fedhas
Gozag
Hepliaklqana
Kikubaaqudgha
Makhleb
Nemelex Xobeh
Okawaru
Qazlal
Ru
Sif Muna
Trog
Uskayaw
Vehumet
Wu Jian
Xom
Yredelemnul
Zin
The Shining One

Shops:
D:9 =

Annotations:
Lair:1 2 transporters, Lutem's ghost, journeyman MiFi


Innate Abilities, Weirdness & Mutations

Your life essence is reduced to manifest your ancestor. (-10% HP)
You can breathe blasts of fire.
Your fiery red scales are hard. (AC +8)
You cannot fit into any form of body armour.
Your flesh is heat resistant. (rF+)
You are cold-blooded and may be slowed by cold attacks.


Message History

The death yak completely misses you. The death yak gores you!
Unknown command.
You hit the death yak.
You tail-slap the death yak, but do no damage.
The death yak is heavily wounded.
Unknown command.
You barely miss the death yak.
The death yak is heavily wounded.
Sunngifu hits the death yak with a +0 quarterstaff!
The death yak closely misses you. The death yak completely misses you.
Unknown command.
You hit the death yak.
Lightning courses through the death yak!
The death yak is severely wounded.
Unknown command.
You hit the death yak but do no damage.
You tail-slap the death yak, but do no damage.
The death yak is severely wounded.
Sunngifu gestures at the death yak while chanting.
The stone arrow hits the death yak!
The death yak misses you. The death yak gores you.
Unknown command.
You hit the death yak.
The death yak is severely wounded.
Unknown command.
You completely miss the death yak.
You tail-slap the death yak, but do no damage.
The death yak is severely wounded.
Sunngifu hits the death yak with a +0 quarterstaff!
The death yak misses you. The death yak gores you!
* * * LOW HITPOINT WARNING * * *
You hit the death yak but do no damage.
The death yak is severely wounded.
Unknown command.
You hit the death yak but do no damage.
The death yak is severely wounded.
Sunngifu barely misses the death yak.
The death yak gores you!
* * * LOW HITPOINT WARNING * * *
The death yak gores you!!
You die...

.#.P##...####.....##.# #######.##
#....##### ##### #.†.## ### ##.#
##.## #.## ##.## ##### ##.#
#...###..P# #P.#####.......####
#...##.#...##..YR.##### ####
......<...###...@..#.P####..#
..........####..Y......##>..###
..........P##.................##
.........................P.##.[##
.....[.................#####P...#
.......................# #.#....#
.......................####.....#
......................###......##
P..P###................##....###


You could see the friendly Sunngifu the battlemage and 2 death yaks.

Vanquished Creatures
  Josephine (D:9)
  2 hydras
  2 boulder beetles
  2 oklob plants (Lair:1)
  2 merfolk sirens (Lair:2)
  A rime drake (Lair:3)
  4 komodo dragons
  A meliai (Lair:3)
  5 blink frogs
  A wraith (D:10)
  21 yaks
  A wyvern (D:9)
  3 basilisks
  A fire bat (D:8)
  Menkaure (D:7)
  A vampire mosquito (D:9)
  10 water moccasins
  Pargi (Sewer)
  An ice beast (D:7)
  2 centaurs
  A phantom (D:5)
  A kobold brigand (D:8)
  A necrophage (D:6)
  7 bullfrogs
  2 gnoll sergeants (D:7)
  5 scorpions
  11 killer bees
  2 howler monkeys (D:7)
  2 lava snakes (D:8)
  4 hounds
  An orc priest (D:7)
  2 iguanas
  5 orc wizards
  Natasha (D:3)
  7 gnolls
  7 adders
  6 river rats (D:6)
  2 shadow imps (D:5)
  An ufetubus (D:5)
  A worm (D:2)
  5 dart slugs
  19 orcs
  3 endoplasms
  4 giant cockroaches
  3 goblins
  7 hobgoblins
  9 jackals
  4 kobolds
  9 quokkas
  6 ball pythons
  A bat (D:3)
  5 frilled lizards
  9 rats
216 creatures vanquished.

Vanquished Creatures (collateral kills)
  A hydra (Lair:2)
  A wizard (D:7)
  3 cane toads
  A rime drake (Lair:1)
  A merfolk (Lair:2)
  A troll (D:9)
  2 blink frogs (Lair:1)
  2 wraiths
  A shadow (D:10)
  3 fire bats (D:8)
  15 yaks
  A water moccasin (Lair:1)
  A hell hound (D:8)
  A black bear (Lair:3)
  An ice beast (D:6)
  An ogre (D:7)
  A centaur (D:8)
  2 bullfrogs
  A gnoll sergeant (D:6)
  7 killer bees
  2 electric eels
  2 orc priests
  3 hounds
  A jelly (D:5)
  3 iguanas
  Natasha (D:3)
  2 orc wizards (D:6)
  9 gnolls
  4 river rats (D:6)
  An adder (D:3)
  A white imp (D:7)
  A dart slug (D:1)
  8 orcs
  3 endoplasms (D:1)
  2 giant cockroaches (D:1)
  2 goblins
  4 hobgoblins
  A jackal (D:1)
  3 quokkas (D:6)
  2 ball pythons (D:1)
  12 rats
  A butterfly (Lair:3)
  A fire vortex (D:8)
116 creatures vanquished.

Vanquished Creatures (others)
  4 battlemagi
  2 fire vortices (D:8)
  2 plants
8 creatures vanquished.

Grand Total: 340 creatures vanquished

Notes
Turn   | Place    | Note
-------+----------+-------------------------------------------
     0 | D:5      | DocClef the Draconian Delver began the quest for the Orb.
     0 | D:5      | Reached XP level 1. HP: 19/19 MP: 1/1
    20 | D:5      | Noticed a hound
    30 | D:5      | Reached XP level 2. HP: 25/26 MP: 2/2
    43 | D:5      | Reached XP level 3. HP: 27/33 MP: 3/3
   145 | D:5      | Reached XP level 4. HP: 37/40 MP: 4/4
   207 | D:5      | Reached skill level 5 in Stealth
   323 | D:5      | Reached XP level 5. HP: 7/46 MP: 5/5
   638 | D:5      | HP: 2/46 [iguana (4)]
  1287 | D:4      | Reached XP level 6. HP: 12/53 MP: 6/6
  1539 | D:4      | Found a staircase to the Ecumenical Temple.
  1562 | D:4      | Found a blossoming altar of Fedhas.
  1587 | Temple   | Entered the Ecumenical Temple
  1832 | Temple   | Became a worshipper of Hepliaklqana the Forgotten
  1908 | D:4      | Found a broken altar of Ashenzari.
  2368 | D:4      | Reached skill level 5 in Fighting
  2408 | D:4      | Found an opulent altar of Gozag.
  2408 | D:4      | Found a faded altar of an unknown god.
  2415 | D:4      | Found a sacrificial altar of Ru.
  2419 | D:4      | Found a hide-covered altar of Uskayaw.
  2421 | D:4      | Found an ancient bone altar of Kikubaaqudgha.
  2516 | D:3      | Found a glowing drain.
  2538 | Sewer    | Entered a sewer
  2589 | Sewer    | Noticed Pargi
  2661 | Sewer    | Killed Pargi
  3109 | D:3      | Your scales start taking on a fiery red colour.
  3109 | D:3      | Reached XP level 7. HP: 61/61 MP: 7/7
  3109 | D:3      | Gained mutation: Your flesh is heat resistant. (rF+) [Red
                  | Draconian growth]
  3118 | D:3      | Noticed Natasha
  3123 | D:3      | Killed Natasha
  3479 | D:3      | Found a stormy altar of Qazlal.
  3533 | D:3      | Reached * piety under Hepliaklqana
  3538 | D:3      | Noticed Natasha
  3548 | D:3      | Killed Natasha
  4185 | D:2      | Found a hazy altar of Hepliaklqana.
  4595 | D:1      | Reached ** piety under Hepliaklqana
  4596 | D:1      | Remembered your ancestor Sunngifu as a battlemage
  4643 | D:1      | Found a faded altar of an unknown god.
  5805 | D:6      | Reached skill level 5 in Short Blades
  5805 | D:6      | Reached XP level 8. HP: 63/63 MP: 8/8
  5927 | D:6      | Reached skill level 5 in Dodging
  6523 | D:6      | Reached XP level 9. HP: 71/71 MP: 9/9
  6975 | D:6      | Reached *** piety under Hepliaklqana
  7565 | D:7      | Noticed a wizard
  7569 | D:7      | Noticed Menkaure
  7575 | D:7      | Killed a wizard
  7603 | D:7      | Killed Menkaure
  8035 | D:7      | Reached skill level 1 in Invocations
  8180 | D:7      | Found a shimmering blue altar of Sif Muna.
  8262 | D:8      | Reached skill level 1 in Evocations
  8267 | D:8      | Reached XP level 10. HP: 65/81 MP: 9/11
  8919 | D:8      | Reached **** piety under Hepliaklqana
  8944 | D:8      | Found a staircase to the Lair.
  9766 | D:9      | Found Dicsog's Jewellery Shop.
 10208 | D:10     | Entered Level 10 of the Dungeon
 10208 | D:10     | Noticed Josephine
 10329 | D:9      | Killed Josephine
 10330 | D:9      | Reached XP level 11. HP: 81/89 MP: 12/12
 10396 | Lair:1   | Entered Level 1 of the Lair of Beasts
 10430 | Lair:1   | Found a transporter.
 10442 | Lair:1   | Found a transporter.
 10466 | Lair:1   | Noticed a boulder beetle
 10473 | Lair:1   | Killed a boulder beetle
 10532 | Lair:1   | Noticed an eight-headed hydra
 10542 | Lair:1   | Killed an eight-headed hydra
 10543 | Lair:1   | Reached skill level 10 in Fighting
 10658 | Lair:1   | Reached skill level 5 in Evocations
 10718 | Lair:1   | Identified the +7 chain mail "Suteutir" {Rampage rPois
                  | Str+3 Dex+3}
 10722 | Lair:1   | Reached ***** piety under Hepliaklqana
 10881 | Lair:1   | Reached skill level 10 in Stealth
 10907 | Lair:1   | Noticed a spriggan rider
 10907 | Lair:1   | Noticed Lutem's ghost (journeyman MiFi)
 10908 | Lair:1   | Found a bloodstained altar of Trog.
 11198 | Lair:1   | Found a blossoming altar of Fedhas.
 11201 | Lair:1   | Noticed an oklob plant
 11202 | Lair:1   | Noticed an oklob plant
 11204 | Lair:1   | Killed an oklob plant
 11209 | Lair:1   | Killed an oklob plant
 11517 | Lair:2   | Noticed an eight-headed hydra
 11522 | Lair:2   | Identified the +2 plate armour of the Depths {rN+}
 11534 | Lair:2   | Killed an eight-headed hydra
 11610 | Lair:2   | Reached XP level 12. HP: 46/97 MP: 13/13
 11915 | Lair:2   | Noticed an eight-headed hydra
 11927 | Lair:2   | Killed an eight-headed hydra
 12070 | Lair:2   | Got Peheburamn's Disquisition on Shape Shifting and
                  | Poisoning
 12272 | Lair:2   | Found a staircase to the Shoals.
 12439 | Lair:3   | Reached skill level 10 in Short Blades
 12537 | Lair:3   | Noticed a boulder beetle
 12552 | Lair:3   | Killed a boulder beetle
 12655 | Lair:3   | Found a hole to the Spider Nest.
 13140 | Lair:4   | Noticed a death yak
 13146 | Lair:4   | Noticed a death yak
 13146 | Lair:4   | Noticed a death yak
 13150 | Lair:4   | Noticed a death yak
 13151 | Lair:4   | Noticed a death yak
 13151 | Lair:4   | Noticed a death yak
 13152 | Lair:4   | Noticed a death yak
 13153 | Lair:4   | Noticed a death yak
 13169 | Lair:3   | Mangled by a death yak

Illustrated notes

Levels and vault maps discovered:
D:1:      tarquinn_simple_flora_water_e, layout_loops_cross,
          hellmonk_ecumenical_altar_crossroads
D:2:      layout_basic, basic_altar
D:3:      layout_loops_corners, amcnicky_altar_gilded, gup_sewer_entry_pipe,
          uniq_natasha
D:4:      layout_loops_ring, evilmike_ruin_ashenzari,
          chequers_temple_overflow_minitemple, fedhas_altar_2, temple_pool_b
D:5:      layout_loops_ring, grunt_ministairs_2
D:6:      lemuel_ratsnest, layout_loops_cross
D:7:      cheibrodos_wizards_tower, layout_loops_ring,
          nicolae_sif_muna_little_library, st_stairs_5, uniq_menkaure
D:8:      layout_basic, dpeg_oklobed_lair, hangedman_incinerator
D:9:      statuecave_lemuel, layout_basic, serial_shops, shop
D:10:     layout_cave_pools, trog_wizard, centaur_isle, uniq_josephine,
          uniq_harold
Temple:   nicolae_temple_figure_eight
Lair:1:   layout_regular_city, gammafunk_ghost_wrathful_warriors,
          chequers_serial_rivers_small_a, hangedman_tree_tricks,
          infiniplex_staircase_pool_2
Lair:2:   layout_misc_corridors, elwin_shoals_entry_rooms, serial_bayou_pond_d
Lair:3:   layout_cave_shapes, hellmonk_spider_entry_not_the_bees,
          nzn_sisyphean_effort, lemuel_fruit_fields
Lair:4:   layout_cave_pods, nicolae_volcano_entry_lava_flow

Skill      XL: |  1  2  3  4  5  6  7  8  9 10 11 12 |
---------------+-------------------------------------+-----
Dodging        | 2 3 4 5 6 7 8 9 |  9.5
Fighting       | 4 5 6 7 8 9 10 11 | 11.5
Stealth        | 5 6 7 8 9 10 11 | 11.0
Short Blades   | 3 4 5 6 7 8 9 10 | 10.3
Invocations    | 1 2 |  2.5
Evocations     | 1 4 6 7 |  7.2

Action                   |  1- 3 |  4- 6 |  7- 9 | 10-12 || total
-------------------------+-------+-------+-------+-------++-------
Melee: Short sword       |    28 |    37 |       |       ||    65
       Tailslap          |     6 |    46 |    79 |   114 ||   245
       Dagger            |       |   256 |   421 |   520 ||  1197
       Punch             |       |     2 |     8 |     6 ||    16
Invok: Ancestor Life: Ba |       |       |     1 |       ||     1
       Recall Ancestor   |       |       |       |     1 ||     1
 Abil: Breathe Fire      |       |       |     7 |     1 ||     8
  Use: Potion            |       |     4 |       |       ||     4
       Scroll            |       |     2 |       |    11 ||    13
 Stab: Sleeping          |     1 |     8 |    17 |    13 ||    39
       Distracted        |       |     1 |     2 |     7 ||    10
Armor: Skin              |    11 |    88 |   106 |    49 ||   254
Dodge: Dodged            |    23 |   202 |   357 |   437 ||  1019

Table legend: (Time is in decaauts)
 A = Elapsed time spent in this place.
 B = Non-inter-level travel time spent in this place.
 C = Inter-level travel time spent in this place.
 D = Time resting spent in this place.
 E = Time spent auto-exploring this place.
 F = Levels seen in this place.
 G = Mean time per level.
                   A        B        C        D        E       F      G
               +--------+--------+--------+--------+--------+-----+--------+
         Total |  12846 |  12038 |    808 |   1623 |   8161 |  16 |  802.9 |
       Dungeon |   9529 |   8890 |    639 |   1047 |   6213 |  10 |  952.9 |
        Temple |    253 |    211 |     42 |      0 |    204 |   1 |  253.0 |
          Lair |   2626 |   2499 |    127 |    308 |   1683 |   4 |  656.5 |
         Sewer |    438 |    438 |      0 |    268 |     60 |   1 |  438.0 |
               +--------+--------+--------+--------+--------+-----+--------+

Top non-repeatable levels by time:
     D:5: 1668 daAuts
     D:4: 1278 daAuts
     D:8: 1166 daAuts
     D:6: 1118 daAuts
     D:3: 1060 daAuts
     D:7: 1059 daAuts
  Lair:2: 955 daAuts
  Lair:1: 924 daAuts
     D:9: 901 daAuts
  Lair:3: 727 daAuts
     D:2: 626 daAuts
     D:1: 623 daAuts
   Sewer: 438 daAuts
  Temple: 253 daAuts
    D:10: 26 daAuts
